 Dungeon Crawl Stone Soup version 0.25-a0-200-g5ba96148f3 (webtiles) character file.

Game seed: 2749183383973128509, levelgen mode: deterministic

69 floatRand the Sneak (level 3, -6/29 HPs)
             Began as a Demigod Assassin on Dec 1, 2019.
             Killed by divine providence
             ... invoked by an orc priest
              (9 damage)
             ... on level 2 of the Dungeon.
             The game lasted 00:02:45 (2383 turns).

floatRand the Sneak (Demigod Assassin)              Turns: 2383, Time: 00:02:45

Health: -6/29      AC:  4    Str: 21    XL:     3   Next: 75%
Magic:  5/5        EV: 13    Int: 15    God:
Gold:   129        SH:  0    Dex: 17    Spells: 2/2 levels left

rFire    . . .     SeeInvis .   n - +1 dagger (venom)
rCold    . . .     Gourm    .   (no shield)
rNeg     . . .     Faith    .   b - +0 robe
rPois    .         Spirit   .   (no helmet)
rElec    .         Reflect  .   c - +0 cloak
rCorr    .         Harm     .   m - +0 pair of gloves
MR       .....                  (no boots)
Stlth    +++.......             (no amulet)
HPRegen  0.09/turn              (no ring)
MPRegen  0.09/turn              (no ring)

@: mighty
A: high mp 1
a: no special abilities


You were on level 2 of the Dungeon.
You were hungry.

You visited 1 branch of the dungeon, and saw 3 of its levels.

You collected 129 gold pieces.

Inventory:

Hand Weapons
 a - a +2 dagger
 k - a +2 hand axe of chopping
 n - a +1 dagger of venom (weapon)
Missiles
 d - 15 poisoned darts (quivered)
 e - 2 curare-tipped darts
Armour
 b - a +0 robe (worn)
 c - a +0 cloak (worn)
 m - a +0 pair of gloves (worn)
Scrolls
 i - 2 scrolls of magic mapping
 o - a scroll of remove curse
 q - a scroll of identify
Potions
 g - a potion of cancellation
 h - 2 potions of flight {unknown}
Comestibles
 f - 6 rations


   Skills:
 - Level 1.7 Fighting
 + Level 2.6 Short Blades
 - Level 1.7 Throwing
 + Level 2.1 Dodging
 + Level 4.2 Stealth


You had 2 spell levels left.
You didn't know any spells.
Your spell library was empty.

Dungeon Overview and Level Annotations

Branches:
Dungeon (3/15)


Innate Abilities, Weirdness & Mutations

You have an increased reservoir of magic. (+10% MP)


Message History

Pain shoots through your body! The orc hits you with a +0 falchion!
* * * LOW HITPOINT WARNING * * *
There is a stone staircase leading up here.
The orc priest hits you with a +0 mace.
* * * LOW HITPOINT WARNING * * *
The orc hits you with a +0 falchion.
* * * LOW HITPOINT WARNING * * *
You climb upwards.
There is a stone staircase leading down here.
Unknown command.
Unknown command.
Okay, then.
Okay, then.
The orc priest closely misses you.
You feel very mighty all of a sudden.
You puncture the orc!
The orc is poisoned.
The orc is almost dead.
The orc priest mumbles some strange prayers to Beogh against you.
Beogh smites you!
You die...

###### #### #....#########
...# #............# ...#
#....#######.# ...#
##.#....# #.# ...# #.#.##.#
#.# ...#############@#.##.#
#.# ......)..........oo...#
#.#
.##.....##################.#
.''................(.......#
.##.....#####..†..##########
.##.....# #.....# ###.....#
#.....# #.....# #.....#
#.....# #.....#


You could see an orc priest and an orc.

Vanquished Creatures
  2 adders
  A worm (D:2)
  2 dart slugs (D:1)
  2 orcs (D:3)
  4 bats
  4 giant cockroaches
  5 hobgoblins
  2 jackals (D:2)
  4 frilled lizards
  3 goblins
  8 kobolds
  4 rats
41 creatures vanquished.

Notes
Turn   | Place    | Note
-------+----------+-------------------------------------------
     0 | D:1      | floatRand the Demigod Assassin began the quest for the Orb.
     0 | D:1      | Reached XP level 1. HP: 17/17 MP: 3/3
    27 | D:1      | Reached skill level 1 in Dodging
   505 | D:1      | Reached XP level 2. HP: 24/24 MP: 4/4
   989 | D:1      | Reached skill level 4 in Stealth
  1642 | D:2      | Reached XP level 3. HP: 29/29 MP: 5/5
  2383 | D:2      | Killed from afar by an orc priest

Levels and vault maps discovered:
D:1:      minmay_arrival_doors, layout_basic, minivault_27
D:2:      layout_basic, first_ration, hangedman_feature_mirror
D:3:      layout_rooms, nicolae_overflow_crystal_walls,
          overflow_temple_1_default, zin_purify, kennysheep_jessica_study

Skill      XL: |  1  2  3 |
---------------+----------+-----
Dodging        | 1 2 |  2.1
Short Blades   | 2 |  2.6
Stealth        | 4 |  4.2
Fighting       | |  1.7
Throwing       | |  1.7

Action                   || total
-------------------------++-------
Melee: Dagger            ||   119
  Use: Scroll            ||     8
       Potion            ||     3
 Stab: Sleeping          ||    11
  Eat: Chunk             ||     4
Armor: Robe              ||    25
Dodge: Dodged            ||    56

Table legend:
 A = Non-vault XP
 B = Vault XP
 C = Vault XP percentage of total XP
 D = Non-vault monster count
 E = Vault monster count
 F = Vault count percentage of total count
                 A         B        C        D         E       F
            +---------+---------+-------+---------+---------+-------
      Total |      99 |       0 |   0.0 |      41 |       0 |   0.0
            +---------+---------+-------+---------+---------+-------
        D:1 |      43 |       0 |   0.0 |      24 |       0 |   0.0
        D:2 |      34 |       0 |   0.0 |      12 |       0 |   0.0
        D:3 |      22 |       0 |   0.0 |       5 |       0 |   0.0
            +---------+---------+-------+---------+---------+-------
